SNL (28 & UNDER)
GAINESVILLE GUIDOS @ MONTGOMERY BISCUITS
08/07/2029
 
TOP OF THE 1ST
Gainesville Guidos batting - Pitching for Montgomery Biscuits : RHP Keith Fitzgerald
Pitching: RHP Keith Fitzgerald
Batting: SHB Cornell Payne 0-0: Ground out 5-3 (Groundball, 56)
Batting: LHB Robbie Turner 0-0: Called Strike
0-1: Foul Ball, location: 2F
0-2: Ball
1-2: Ground out 1-3 (Groundball, 13S)
Batting: RHB Doug Coleman 0-0: Ball
1-0: Foul Ball, location: 2F
1-1: Ball
2-1: Foul Ball, location: 2F
2-2: Strikes out swinging
Top of the 1st over - 0 runs, 0 hits, 0 errors, 0 left on base; Gainesville 0 - Montgomery 0
BOTTOM OF THE 1ST
Montgomery Biscuits batting - Pitching for Gainesville Guidos : LHP Ben Head
Pitching: LHP Ben Head
Batting: SHB Randy Anderson 0-0: Ball
1-0: Foul Ball, location: 2F
1-1: Swinging Strike
1-2: Foul Ball, location: 2F
1-2: Strikes out swinging
Batting: RHB Bob McDonald 0-0: SINGLE (Flyball, 78S)
Batting: RHB Lorenzo Tamayo Pickoff Throw to First - Out!
0-0: Ball
1-0: Foul Ball, location: 2F
1-1: SINGLE (Line Drive, 8LM)
Batting: SHB Pancho Ruíz 0-0: Ball
1-0: Foul Ball, location: 2F
1-1: Ball
2-1: Ball
3-1: Foul Ball, location: 2F
3-2: SINGLE (Line Drive, 9LS)
Lorenzo Tamayo to second
Lorenzo Tamayo to third
Batting: RHB Reinaldo Amarante 0-0: Called Strike
0-1: Foul Ball, location: 2F
0-2: Ball
1-2: Fly out, F9 (Flyball, 9S)
Bottom of the 1st over - 0 runs, 3 hits, 0 errors, 2 left on base; Gainesville 0 - Montgomery 0
TOP OF THE 2ND
Gainesville Guidos batting - Pitching for Montgomery Biscuits : RHP Keith Fitzgerald
Batting: RHB Augusto Baca 0-0: Foul Ball, location: 2F
0-1: Ball
1-1: Ball
2-1: Swinging Strike
2-2: Strikes out swinging
Batting: LHB Pedro Juárez 0-0: Called Strike
0-1: Called Strike
0-2: Strikes out swinging
Batting: RHB Claudio Gonzáles 0-0: Called Strike
0-1: Ball
1-1: Fly out, F9 (Flyball, 9)
Top of the 2nd over - 0 runs, 0 hits, 0 errors, 0 left on base; Gainesville 0 - Montgomery 0
BOTTOM OF THE 2ND
Montgomery Biscuits batting - Pitching for Gainesville Guidos : LHP Ben Head
Batting: RHB Frederick Curtis 0-0: SINGLE (Flyball, 4MD)
Batting: SHB Kenneth Cruz 0-0: Called Strike
0-1: Ball
1-1: Ball
2-1: Foul Ball, location: 2F
2-2: Foul Ball, location: 2F
2-2: Foul Ball, location: 2F
2-2: Strikes out swinging
Batting: SHB Hoyt Norris 0-0: Swinging Strike
0-1: Called Strike
0-2: Ball
1-2: Grounds into double play, 3-6-4 (Groundball, 34)
Bottom of the 2nd over - 0 runs, 1 hit, 0 errors, 0 left on base; Gainesville 0 - Montgomery 0
TOP OF THE 3RD
Gainesville Guidos batting - Pitching for Montgomery Biscuits : RHP Keith Fitzgerald
Batting: SHB José Sousa 0-0: Ball
1-0: Called Strike
1-1: SINGLE (Groundball, 56D)
Batting: RHB Dave Hall 0-0: Called Strike
0-1: Foul Ball, location: 2F
0-2: Ball
1-2: Fly out, F9 (Flyball, 89S)
Batting: SHB António Ramírez 0-0: Ball
1-0: Called Strike
1-1: Called Strike
1-2: Foul Ball, location: 2F
1-2: Ground out U3 (Groundball, 3S)
José Sousa to second
Batting: SHB Cornell Payne 0-0: Foul Ball, location: 2F
0-1: Swinging Strike
0-2: Strikes out swinging
Top of the 3rd over - 0 runs, 1 hit, 0 errors, 1 left on base; Gainesville 0 - Montgomery 0
BOTTOM OF THE 3RD
Montgomery Biscuits batting - Pitching for Gainesville Guidos : LHP Ben Head
Batting: LHB José Martínez 0-0: Ball
1-0: Ball
2-0: Foul Ball, location: 2F
2-1: Swinging Strike
2-2: Strikes out looking
Batting: SHB Randy Anderson 0-0: Ball
1-0: Called Strike
1-1: Ball
2-1: Called Strike
2-2: Foul Ball, location: 2F
2-2: Foul Ball, location: 2F
2-2: Foul Ball, location: 2F
2-2: Ball
3-2: Foul Ball, location: 2F
3-2: Foul Ball, location: 2F
3-2: Base on Balls
Batting: RHB Bob McDonald 0-0: Foul Ball, location: 2F
0-1: SINGLE (Groundball, 6MD)
Randy Anderson to second
Runner from 2nd tries for 3rd, SAFE, no throw
Batting: RHB Lorenzo Tamayo 0-0: Ball
1-0: Ball
2-0: SINGLE (Flyball, 9LS)
Randy Anderson scores
Bob McDonald to second
Runner from 2nd tries for 3rd, SAFE, throw made to third
Batting: SHB Pancho Ruíz 0-0: SINGLE (Line Drive, 6M)
Bob McDonald scores
Lorenzo Tamayo to second
Batting: RHB Reinaldo Amarante 0-0: Foul Ball, location: 2F
0-1: Ball
1-1: Swinging Strike
1-2: Foul Ball, location: 2F
1-2: Ball
2-2: Ball
3-2: Strikes out looking
Batting: RHB Frederick Curtis 0-0: Ball
1-0: Swinging Strike
1-1: Swinging Strike
1-2: Strikes out swinging
Bottom of the 3rd over - 2 runs, 3 hits, 0 errors, 2 left on base; Gainesville 0 - Montgomery 2
TOP OF THE 4TH
Gainesville Guidos batting - Pitching for Montgomery Biscuits : RHP Keith Fitzgerald
Batting: LHB Robbie Turner 0-0: Ground out 5-3 (Groundball, 5S)
Batting: RHB Doug Coleman 0-0: Called Strike
0-1: Ball
1-1: Called Strike
1-2: Strikes out swinging
Batting: RHB Augusto Baca 0-0: Ball
1-0: Ball
2-0: Foul Ball, location: 2F
2-1: Called Strike
2-2: Foul Ball, location: 2F
2-2: Ball
3-2: Base on Balls
Batting: LHB Pedro Juárez 0-0: Called Strike
0-1: Foul Ball, location: 2F
0-2: Ball
1-2: Ground out 4-3 (Groundball, 4)
Top of the 4th over - 0 runs, 0 hits, 0 errors, 1 left on base; Gainesville 0 - Montgomery 2
BOTTOM OF THE 4TH
Montgomery Biscuits batting - Pitching for Gainesville Guidos : LHP Ben Head
Batting: SHB Kenneth Cruz 0-0: Fly out, F8 (Flyball, 8RD)
Batting: SHB Hoyt Norris 0-0: Foul Ball, location: 2F
0-1: Ball
1-1: Swinging Strike
1-2: Strikes out swinging
Batting: LHB José Martínez 0-0: Ball
1-0: Fly out, F2 (Popup, 2LF)
Bottom of the 4th over - 0 runs, 0 hits, 0 errors, 0 left on base; Gainesville 0 - Montgomery 2
TOP OF THE 5TH
Gainesville Guidos batting - Pitching for Montgomery Biscuits : RHP Keith Fitzgerald
Batting: RHB Claudio Gonzáles 0-0: Ground out 6-3 (Groundball, 6)
Batting: SHB José Sousa 0-0: Called Strike
0-1: Ball
1-1: Ball
2-1: Ball
3-1: Foul Ball, location: 2F
3-2: Strikes out swinging
Batting: RHB Dave Hall 0-0: Ball
1-0: Fly out, F6 (Line Drive, 6)
Top of the 5th over - 0 runs, 0 hits, 0 errors, 0 left on base; Gainesville 0 - Montgomery 2
BOTTOM OF THE 5TH
Montgomery Biscuits batting - Pitching for Gainesville Guidos : LHP Ben Head
Batting: SHB Randy Anderson 0-0: Ball
1-0: Ball
2-0: Fly out, F8 (Flyball, 8RS)
Batting: RHB Bob McDonald 0-0: Ball
1-0: Ball
2-0: Ball
3-0: Base on Balls
Batting: RHB Lorenzo Tamayo 0-0: Foul Ball, location: 2F
0-1: Grounds into double play, 6-4-3 (Groundball, 6)
Bottom of the 5th over - 0 runs, 0 hits, 0 errors, 0 left on base; Gainesville 0 - Montgomery 2
TOP OF THE 6TH
Gainesville Guidos batting - Pitching for Montgomery Biscuits : RHP Keith Fitzgerald
Batting: SHB António Ramírez 0-0: Called Strike
0-1: Foul Ball, location: 2F
0-2: Foul Ball, location: 2F
0-2: Strikes out looking
Batting: SHB Cornell Payne 0-0: Ball
1-0: Called Strike
1-1: Swinging Strike
1-2: Strikes out swinging
Batting: LHB Robbie Turner 0-0: Ground out 4-3 (Groundball, 4)
Top of the 6th over - 0 runs, 0 hits, 0 errors, 0 left on base; Gainesville 0 - Montgomery 2
BOTTOM OF THE 6TH
Montgomery Biscuits batting - Pitching for Gainesville Guidos : LHP Ben Head
Batting: SHB Pancho Ruíz 0-0: Foul Ball, location: 2F
0-1: Ball
1-1: Ball
2-1: SINGLE (Line Drive, 9)
Batting: RHB Reinaldo Amarante 0-0: Called Strike
0-1: Ball
1-1: 2-RUN HOME RUN (Flyball, 7D), Distance : 362 ft
Batting: RHB Frederick Curtis 0-0: Ball
1-0: Called Strike
1-1: Foul Ball, location: 2F
1-2: Ball
2-2: Ground out 6-3 (Groundball, 6M)
Batting: SHB Kenneth Cruz 0-0: Swinging Strike
0-1: Foul Ball, location: 2F
0-2: Strikes out looking
Batting: SHB Hoyt Norris 0-0: Ball
1-0: Foul Ball, location: 2F
1-1: Ball
2-1: Swinging Strike
2-2: Foul Ball, location: 2F
2-2: Ground out 5-3 (Groundball, 56S)
Bottom of the 6th over - 2 runs, 2 hits, 0 errors, 0 left on base; Gainesville 0 - Montgomery 4
TOP OF THE 7TH
Gainesville Guidos batting - Pitching for Montgomery Biscuits : RHP Keith Fitzgerald
Batting: RHB Doug Coleman 0-0: Swinging Strike
0-1: Swinging Strike
0-2: Foul Ball, location: 2F
0-2: Strikes out swinging
Batting: RHB Augusto Baca 0-0: Ball
1-0: Ball
2-0: Swinging Strike
2-1: Ball
3-1: Base on Balls
Batting: LHB Pedro Juárez 0-0: Ball
1-0: Ball
2-0: Foul Ball, location: 2F
2-1: Ball
3-1: Called Strike
3-2: Foul Ball, location: 2F
3-2: Strikes out looking
Batting: RHB Claudio Gonzáles 0-0: Ball
1-0: Swinging Strike
1-1: Foul Ball, location: 2F
1-2: Ball
2-2: Ball
3-2: SINGLE (Line Drive, 34)
Augusto Baca to second
Augusto Baca to third
Batting: SHB José Sousa 0-0: Ball
1-0: Swinging Strike
1-1: Foul Ball, location: 2F
1-2: Ball
2-2: Ball
3-2: Base on Balls
Claudio Gonzáles to second
Batting: RHB Dave Hall 0-0: Ground out 3-1 (Groundball, 34)
Top of the 7th over - 0 runs, 1 hit, 0 errors, 3 left on base; Gainesville 0 - Montgomery 4
BOTTOM OF THE 7TH
Montgomery Biscuits batting - Pitching for Gainesville Guidos : LHP Ben Head
Pitching: RHP Matt Johnston
Batting: LHB José Martínez 0-0: Called Strike
0-1: Called Strike
0-2: Ball
1-2: Ball
2-2: Ground out 6-3 (Groundball, 56D)
Batting: SHB Randy Anderson 0-0: Called Strike
0-1: Called Strike
0-2: Ball
1-2: Foul Ball, location: 2F
1-2: Fly out, F7 (Flyball, 78D)
Batting: RHB Bob McDonald 0-0: Called Strike
0-1: Ball
1-1: Called Strike
1-2: Ground out 6-3 (Groundball, 6)
Bottom of the 7th over - 0 runs, 0 hits, 0 errors, 0 left on base; Gainesville 0 - Montgomery 4
TOP OF THE 8TH
Gainesville Guidos batting - Pitching for Montgomery Biscuits : RHP Keith Fitzgerald
Batting: SHB António Ramírez 0-0: Called Strike
0-1: Ball
1-1: Called Strike
1-2: Foul Ball, location: 2F
1-2: SINGLE (Line Drive, 34)
Batting: SHB Cornell Payne 0-0: Called Strike
0-1: Ball
1-1: Ball
Wild Pitch!
António Ramírez to second
2-1: Swinging Strike
2-2: SINGLE (Line Drive, 6D)
António Ramírez to third
Batting: LHB Robbie Turner 0-0: Ground out 6-3 (Groundball, 56D)
António Ramírez scores
Cornell Payne to second
Pitching: LHP Wilson Romero
Batting: RHB Doug Coleman 0-0: Foul Ball, location: 2F
0-1: Ball
1-1: Ball
2-1: Foul Ball, location: 2F
2-2: Fly out, F9 (Flyball, 9LS)
Batting: RHB Augusto Baca 0-0: Ball
1-0: Swinging Strike
1-1: Ball
2-1: Ball
3-1: Foul Ball, location: 2F
3-2: Foul Ball, location: 2F
3-2: Strikes out swinging
Top of the 8th over - 1 run, 2 hits, 0 errors, 1 left on base; Gainesville 1 - Montgomery 4
BOTTOM OF THE 8TH
Montgomery Biscuits batting - Pitching for Gainesville Guidos : RHP Matt Johnston
Batting: RHB Lorenzo Tamayo 0-0: Foul Ball, location: 2F
0-1: Ball
1-1: Foul Ball, location: 2F
1-2: Fly out, F6 (Popup, 6M)
Batting: SHB Pancho Ruíz 0-0: Ball
1-0: Fly out, F7 (Flyball, 7LS)
Batting: RHB Reinaldo Amarante 0-0: Ball
1-0: Ball
2-0: Ball
3-0: Called Strike
3-1: Ground out U3 (Groundball, 23)
Bottom of the 8th over - 0 runs, 0 hits, 0 errors, 0 left on base; Gainesville 1 - Montgomery 4
TOP OF THE 9TH
Gainesville Guidos batting - Pitching for Montgomery Biscuits : LHP Wilson Romero
Pitching: RHP Clancy Steele
Now at C: Wilson Bray
Batting: LHB Pedro Juárez 0-0: Ball
1-0: Ball
2-0: Ball
3-0: Base on Balls
Batting: RHB Claudio Gonzáles 0-0: Ball
1-0: DOUBLE (Groundball, 5L)
Pedro Juárez to third
Batting: SHB José Sousa 0-0: DOUBLE (Groundball, 3L)
Pedro Juárez scores
Claudio Gonzáles scores
Pinch Hitting: LHB Scott Young 0-0: Ball
1-0: Called Strike
1-1: Ball
2-1: Ball
3-1: Base on Balls
Batting: SHB António Ramírez 0-0: Sac Bunt - play at first, batter OUT! 5-4
José Sousa to third
Scott Young to second
Batting: SHB Cornell Payne 0-0: Called Strike
0-1: SINGLE (Groundball, 56)
José Sousa scores
Scott Young to third
Batting: LHB Robbie Turner 0-0: Called Strike
0-1: Swinging Strike
0-2: Strikes out looking
Batting: RHB Doug Coleman 0-0: Ball
1-0: Foul Ball, location: 2F
1-1: Foul Ball, location: 2F
1-2: Foul Ball, location: 2F
1-2: SINGLE (Groundball, 34D)
Scott Young scores
Cornell Payne to second
Runner from 2nd tries for 3rd, SAFE, no throw
Batting: RHB Augusto Baca 0-0: 3-RUN HOME RUN (Flyball, 8LXD), Distance : 425 ft
Batting: LHB Pedro Juárez 0-0: Foul Ball, location: 2F
0-1: Foul Ball, location: 2F
0-2: Foul Ball, location: 2F
0-2: Ball
1-2: Ball
2-2: Ball
3-2: Foul Ball, location: 2F
3-2: Fly out, F8 (Flyball, 8LXD)
Top of the 9th over - 7 runs, 5 hits, 0 errors, 0 left on base; Gainesville 8 - Montgomery 4
BOTTOM OF THE 9TH
Montgomery Biscuits batting - Pitching for Gainesville Guidos : RHP Matt Johnston
Now at 2B: Craig Chapman
Batting: RHB Frederick Curtis 0-0: Ground out 6-3 (Groundball, 6)
Batting: SHB Kenneth Cruz 0-0: Called Strike
0-1: Ground out 3-1 (Groundball, 34S)
Batting: SHB Hoyt Norris 0-0: Called Strike
0-1: Called Strike
0-2: Ground out 6-3 (Groundball, 6)
Bottom of the 9th over - 0 runs, 0 hits, 0 errors, 0 left on base; Gainesville 8 - Montgomery 4
Saturday, December 16th, 2017 - OOTP Baseball 18.8 Build 76